 Dungeon Crawl Stone Soup version 0.22.1-1-ga44c0e56f4 (webtiles) character file.

1484 Inquisition the Vandal (level 8, -7/63 HPs)
             Began as a Centaur Arcane Marksman on Oct 1, 2018.
             Was a Believer of Kikubaaqudgha.
             Mangled by a wight
             ... wielding a +0 battleaxe
              (9 damage)
             ... on level 7 of the Dungeon.
             The game lasted 02:20:55 (9143 turns).

Inquisition the Vandal (Centaur Arcane Marksman)    Turns: 9143, Time: 02:20:56

Health: -7/63      AC:  6    Str: 14    XL:     8   Next: 50%
Magic:  11/11      EV:  9    Int: 18    God:    Kikubaaqudgha [**....]
Gold:   234        SH:  0    Dex: 11    Spells: 6/11 levels left

rFire    + + .     SeeInvis .   t - +0 shortbow
rCold    . . .     Gourm    .   (shield currently unavailable)
rNeg     . . .     Faith    .   i - +0 leather armour
rPois    .         Spirit   .   h - +0 helmet
rElec    .         Reflect  .   (no cloak)
rCorr    .         Harm     .   s - +0 pair of gloves
MR       .....                  (no barding)
Stlth    ++........             k - amulet of the acrobat
HPRegen  0.20/turn              u - ring of stealth
MPRegen  0.12/turn              J - +6 ring of intelligence

@: drained, very quick
A: large, hooves 3, deformed body, fire resistance 2, speed 2, tough skin 3
a: Receive Corpses, Renounce Religion


You were on level 7 of the Dungeon.
You worshipped Kikubaaqudgha.
Kikubaaqudgha was pleased with you.
You were hungry.

You visited 2 branches of the dungeon, and saw 8 of its levels.

You collected 234 gold pieces.

Inventory:

Hand Weapons
 a - a +1 hunting sling
 t - a +0 shortbow (weapon)
 y - a +2 falchion of freezing
 z - a +1 flail of protection
 D - a +0 dagger of draining
Missiles
 c - 161 stones
 l - 3 arrows (quivered)
 m - 12 poisoned needles
 n - 19 sling bullets
 H - 6 tomahawks
Armour
 b - a +0 chain mail
 e - a +0 robe
 h - a +0 helmet (worn)
 i - a +0 leather armour (worn)
 s - a +0 pair of gloves (worn)
 x - a cursed +0 scale mail
 A - a +0 ring mail
Jewellery
 k - an amulet of the acrobat (around neck)
 u - a ring of stealth (left hand)
 w - an uncursed ring of stealth
 J - a +6 ring of intelligence (right hand)
Wands
 d - a wand of polymorph (12)
Scrolls
 r - a scroll of identify
 E - 4 scrolls of remove curse
 M - 2 scrolls of magic mapping
Potions
 j - a potion of degeneration
 o - 2 potions of curing
 G - 2 potions of resistance
Comestibles
 f - 4 rations


   Skills:
 + Level 3.4(2.6) Fighting
 + Level 7.4(6.5) Slings
 + Level 2.6(1.8) Bows
 + Level 1.2(0.5) Armour
 * Level 2.4(1.7) Dodging
 + Level 0.1(0.0) Stealth
 * Level 2.3(1.6) Spellcasting
 * Level 4.2(3.4) Hexes
 * Level 3.7(2.9) Necromancy


You had 6 spell levels left.
You knew the following spells:

 Your Spells              Type           Power        Failure   Level  Hunger
a - Corona                Hex            ##.....      6%          1    ##.....
b - Slow                  Hex            ##......     9%          2    ###....
c - Animate Skeleton      Necr           N/A          7%          1    ##.....
d - Pain                  Necr           ##..         7%          1    ##.....

Your spell library contained the following spells:

 Spells                   Type           Power        Failure   Level  Hunger
 Sublimation of Blood     Necr           ##........   11%         2    ###....
 Vampiric Draining        Necr           ##........   22%         3    ####...
 Inner Flame              Hex/Fire       #.......     34%         3    ####...
 Portal Projectile        Hex/Tloc       #.....       34%         3    ####...
 Cause Fear               Hex            ##........   50%         4    #####..
 Leda's Liquefaction      Hex/Erth       #.........   75%         4    #####..


Dungeon Overview and Level Annotations

Branches:
Dungeon (7/15)             Temple (1/1) D:5

Altars:
Ashenzari
Cheibriados
Dithmenos
Fedhas
Gozag
Hepliaklqana
Kikubaaqudgha
Makhleb
Nemelex Xobeh
Okawaru
Qazlal
Ru
Sif Muna
Trog
Uskayaw
Vehumet
Wu Jian
Yredelemnul
Zin

Annotations:
D:5 Brecoman's ghost, amateur DEIE


Innate Abilities, Weirdness & Mutations

You have hooves in place of feet.
Armour fits poorly on your strangely shaped body.
You cover ground very quickly.
You have extremely tough skin. (AC +3)
Your flesh is very heat resistant. (rF++)


Message History

Press: ? - help, Shift-Dir - straight line, f/p - wight
Aim: a wight, wielding a battleaxe and wearing a robe (heavily damaged)
You shoot an arrow. The arrow hits the wight.
The wight is almost destroyed.
The hound bites you.
* * * LOW HITPOINT WARNING * * *
The wight hits you with a battleaxe!
* * * LOW HITPOINT WARNING * * *
You feel drained.
* * * LOW HITPOINT WARNING * * *
The hound barely misses you.
Really attack while wielding your +0 shortbow?
Okay, then.
Firing (i - inventory. (/) - cycle)
l - 4 arrows (quivered)
Press: ? - help, Shift-Dir - straight line, f/p - wight
Aim: a wight, wielding a battleaxe and wearing a robe (almost destroyed)
You shoot an arrow. The arrow closely misses the wight.
The wight hits you with a battleaxe!
You die...
Kikubaaqudgha rasps: "You have failed me!
Welcome... death!"

################
#..............# #.
#.#######..###.##..
#.# ##...# ...
#<#####....###.##.#
#.##..............#
#.##.##.......#####
#.## ##...#h## #..
.....##@# ###
#######z# #(# #(#
#(# #(# #(# #(#


You could see a hound and a wight.

Vanquished Creatures
  A black bear (D:3)
  A phantom (D:4)
  2 sky beasts (D:5)
  2 centaurs (D:5)
  An ogre (D:4)
  A bullfrog (D:5)
  A wight (D:7)
  2 howler monkeys
  2 crimson imps (D:5)
  A centaur zombie (D:5)
  2 jellies (D:5)
  4 orc priests
  A centaur skeleton (D:4)
  A hound (D:5)
  3 orc wizards (D:4)
  A bullfrog skeleton (D:2)
  An iguana (D:5)
  Terence (D:2)
  A worker ant (D:5)
  9 adders
  An adder zombie (D:3)
  A worm (D:2)
  A dart slug (D:1)
  2 leopard geckos
  25 orcs
  8 giant cockroaches
  8 goblins
  7 hobgoblins
  4 jackals (D:2)
  3 quokkas
  A ball python (D:3)
  12 bats
  3 frilled lizards
  11 kobolds
  7 rats
132 creatures vanquished.

Vanquished Creatures (collateral kills)
  An orc (D:3)
1 creature vanquished.

Grand Total: 133 creatures vanquished

Notes
Turn   | Place    | Note
-------+----------+-------------------------------------------
     0 | D:1      | Inquisition the Centaur Arcane Marksman began the quest for
                  | the Orb.
     0 | D:1      | Reached XP level 1. HP: 16/16 MP: 2/2
   232 | D:1      | Reached XP level 2. HP: 23/23 MP: 3/3
   340 | D:1      | Learned a level 2 spell: Slow
  1612 | D:2      | Reached skill level 3 in Slings
  1612 | D:2      | Reached XP level 3. HP: 22/28 MP: 2/4
  1901 | D:2      | Found a hide-covered altar of Uskayaw.
  1904 | D:2      | Found an ancient bone altar of Kikubaaqudgha.
  1912 | D:2      | Found a shattered altar of Ashenzari.
  1952 | D:2      | Became a worshipper of Kikubaaqudgha
  2113 | D:2      | Reached skill level 1 in Necromancy
  2113 | D:2      | Reached XP level 4. HP: 35/35 MP: 0/5
  2502 | D:2      | Noticed Terence
  2532 | D:2      | Killed Terence
  2532 | D:2      | Reached skill level 4 in Slings
  2776 | D:2      | Reached XP level 5. HP: 40/40 MP: 3/6
  3015 | D:3      | Reached * piety under Kikubaaqudgha
  3015 | D:3      | Identified Kikubaaqudgha's Reference Book on Unholy Secrets
                  | (Kikubaaqudgha gifted it to you on level 3 of the Dungeon)
  3015 | D:3      | Received a gift from Kikubaaqudgha
  3024 | D:3      | Learned a level 1 spell: Animate Skeleton
  3056 | D:3      | Learned a level 1 spell: Pain
  3290 | D:3      | Noticed a black bear
  3312 | D:3      | HP: 2/40 [black bear (2)]
  3343 | D:3      | HP: 2/40 [black bear (2)]
  3355 | D:3      | Killed a black bear
  3355 | D:3      | Reached skill level 5 in Slings
  3355 | D:3      | Reached XP level 6. HP: 4/48 MP: 5/8
  4496 | D:3      | Gained mutation: Your flesh is heat resistant. (rF+)
                  | [potion of mutation]
  4496 | D:3      | Gained mutation: Your flesh is very heat resistant. (rF++)
                  | [potion of mutation]
  4865 | D:4      | Reached XP level 7. HP: 49/55 MP: 6/9
  4875 | D:4      | Reached ** piety under Kikubaaqudgha
  4940 | D:4      | Reached skill level 6 in Slings
  5946 | D:5      | Entered Level 5 of the Dungeon
  5946 | D:5      | Found an opulent altar of Gozag.
  6160 | D:5      | Reached skill level 1 in Armour
  6500 | D:5      | Reached XP level 8. HP: 62/62 MP: 8/11
  6534 | D:5      | Reached skill level 7 in Slings
  6619 | D:5      | Found a runed gate.
  6620 | D:5      | Found an opulent altar of Gozag.
  7125 | D:5      | Found a staircase to the Ecumenical Temple.
  7132 | Temple   | Entered the Ecumenical Temple
  7271 | D:5      | Found a runed gate.
  7272 | D:5      | Found a runed gate.
  7275 | D:5      | Noticed Brecoman's ghost (amateur DEIE)
  7907 | D:5      | Reached skill level 1 in Bows
  9142 | D:7      | HP: 3/63 [wight/battleaxe (8)]
  9143 | D:7      | Mangled by a wight

Skill      XL: |  1  2  3  4  5  6  7  8 |
---------------+-------------------------+-----
Hexes          | 3 4 |  4.2
Slings         | 3 4 5 6 7 |  7.4
Necromancy     | 1 2 3 |  3.7
Fighting       | 2 3 |  3.4
Armour         | 1 |  1.2
Spellcasting   | 2 |  2.3
Dodging        | 2 |  2.4
Bows           | 2 |  2.6
Stealth        | |  0.1

Action                   |  1- 3 |  4- 6 |  7- 9 || total
-------------------------+-------+-------+-------++-------
Melee: Hunting sling     |       |    10 |       ||    10
       Shortbow          |       |       |     1 ||     1
       Kick              |       |       |     1 ||     1
 Fire: Hunting sling     |   112 |   269 |   186 ||   567
       Shortbow          |       |       |   132 ||   132
 Cast: Corona            |    19 |    28 |    17 ||    64
       Slow              |     1 |    15 |    13 ||    29
       Pain              |       |     6 |       ||     6
       Animate Skeleton  |       |     4 |     5 ||     9
  Use: Scroll            |     4 |     4 |     2 ||    10
       Potion            |     2 |     3 |     5 ||    10
  Eat: Chunk             |     3 |     6 |     5 ||    14
       Ration            |       |     1 |     2 ||     3
Armor: Robe              |    28 |       |       ||    28
       Leather armour    |    14 |    39 |    73 ||   126
       Skin              |       |    10 |       ||    10
Dodge: Dodged            |    32 |    65 |   145 ||   242
